 Dungeon Sprint DCSS version 0.22-a0-618-gd6a3efe (webtiles) character file.

21030 Kidiri the Unseen (level 12, -6/64 HPs)
             Began as a Spriggan Enchanter on July 14, 2018.
             Was a High Priest of Dithmenos.
             Killed from afar by a crystal guardian (44 damage)
             ... with a crystal bolt
             ... in the Dungeon (Sprint II: "The Violet Keep of Menkaure").
             The game lasted 00:23:24 (2977 turns).

Kidiri the Unseen (Spriggan Enchanter)              Turns: 2977, Time: 00:23:25

Health: -6/64      AC:  8    Str:  4    XL:     12   Next: 50%
Magic:  13/32      EV: 32    Int: 19    God:    Dithmenos [*****.]
Gold:   1165       SH:  0    Dex: 19    Spells: 23/42 levels left

rFire    . . .     SeeInvis +   a - +3 dagger
rCold    . . .     Gourm    .   (shield restricted)
rNeg     . . .     Faith    .   l - +0 troll leather armour
rPois    .         Spirit   .   (helmet restricted)
rElec    .         Reflect  .   n - +0 cloak
rCorr    .         Harm     .   (gloves unavailable)
MR       ++...     NoTele   +   (boots unavailable)
Stlth    ++++++++++             m - amulet of rage
HPRegen  0.60/turn              o - +2 ring of protection
MPRegen  0.23/turn              r - ring of wizardry

@: very slightly contaminated, wreathed by umbra, very quick
A: very small, unfitting armour, see invisible, herbivore, speed 3, slow
metabolism 2
a: Shadow Step, Shadow Form, Renounce Religion, Evoke Berserk Rage


You were in the Dungeon.
You worshipped Dithmenos.
Dithmenos was extremely pleased with you.
You were not hungry.

You visited 1 branch You collected 2583 gold pieces.
You spent 1418 gold pieces at shops.

Inventory:

Hand Weapons
 a - a +3 dagger (weapon)
 b - a +2 antimagic rapier
Armour
 l - a +0 troll leather armour (worn)
 n - a +0 cloak (worn)
Jewellery
 m - an amulet of rage (around neck)
 o - a +2 ring of protection (left hand)
 r - a ring of wizardry (right hand)
 w - an uncursed ring of stealth
 x - an uncursed ring of flight
Scrolls
 i - 2 scrolls of amnesia
 j - 3 scrolls of blinking
 t - a scroll of enchant weapon
 u - 2 scrolls of remove curse
 y - a scroll of identify
 z - a scroll of magic mapping
 A - a scroll of immolation {unknown}
Potions
 c - 3 potions of resistance
 e - 3 potions of curing
 f - a potion of heal wounds
 g - a potion of haste
 h - 3 potions of magic
 k - a potion of might {unknown}
 p - 2 potions of flight
 q - a potion of ambrosia
 s - a potion of lignification
 v - a potion of agility
Comestibles
 d - 6 rations


   Skills:
 + Level 7.9 Fighting
 * Level 14.3 Short Blades
 + Level 7.3 Armour
 * Level 18.0 Dodging
 * Level 19.6 Stealth
 * Level 15.6 Spellcasting
 * Level 8.6 Conjurations
 + Level 11.7 Hexes


You had 23 spell levels left.
You knew the following spells:

 Your Spells              Type           Power        Failure   Level  Hunger
a - Corona                Hex            ######.      1%          1    None
b - Ensorcelled Hibernat  Hex/Ice        #####.       1%          2    None
c - Confuse               Hex            ######..     1%          3    None
d - Tukima's Dance        Hex            ######..     1%          3    None
e - Dazzling Spray        Conj/Hex       ######       1%          3    None
f - Orb of Destruction    Conj           #####.....   52%         7    ######.

Your spell library contained the following spells:

 Spells                   Type           Power        Failure   Level  Hunger
 Magic Dart               Conj           ####         1%          1    None
 Sting                    Conj/Pois      ####         1%          1    None
 Shock                    Conj/Air       ####         1%          1    None
 Conjure Ball Lightning   Conj/Air       ####......   54%         6    #####..
 Fulminant Prism          Conj/Hex       ######....   1%          4    None


Dungeon Overview and Level Annotations

Branches:
Dungeon (1/1)

Altars:
Cheibriados
Dithmenos
Elyvilon
Fedhas
Gozag
Hepliaklqana
Kikubaaqudgha
Makhleb
Nemelex Xobeh
Okawaru
Qazlal
Ru
Sif Muna
Trog
Uskayaw
Vehumet
Wu Jian
Xom
Yredelemnul
Zin
The Shining One
Beogh
Jiyva
Lugonu

Shops:
D !%:?}=*[(%%:=(![

Annotations:
D exclusions: 22 doors, oklob plant and 1 more exclusion, Roxanne


Innate Abilities, Weirdness & Mutations

You are very small and have problems with some larger weapons.
You are too small for most types of armour.
You have supernaturally acute eyesight. (SInv)
You are a herbivore.
You cover ground extremely quickly.
You need to consume almost no food.


Message History

Aiming: Dazzling Spray (safe; 1% risk of failure)
Press: ? - help, Shift-Dir - straight line, f/p - crystal guardian
Aim: a crystal guardian (black smoke, severely damaged, umbra)
The spray of energy hits the crystal guardian.
The crystal guardian is severely damaged.
The crystal guardian hits you!
Unknown command.
Casting: Dazzling Spray (safe; 1% risk of failure)
Confirm with . or Enter, or press ? or * to list all spells.
Aiming: Dazzling Spray (safe; 1% risk of failure)
Press: ? - help, Shift-Dir - straight line, f/p - crystal guardian
Aim: a crystal guardian (black smoke, severely damaged, umbra)
The spray of energy hits the crystal guardian.
The crystal guardian is severely damaged.
Your shadow mimicks your spell!
The shadow shard hits the crystal guardian.
The crystal guardian fires a crystalline bolt at you.
The crystal bolt freezes you!
Ouch! That really hurt!
You die...

§§8§≈§§§##++## 8E+...▓0..▓
§§§≈≈§##≈§..###E#..§▓▓▓▓▓▓▓▓▓▓ ▓
≈§§§ #.≈..^..#.#§§.▓≈≈§≈≈≈≈§▓▓▓
++#+++#####(...#!##[:▓▓▓▓▓▓▓▓▓▓▓▓
.......#..+...(#§.#}}▓....[...▓▓.
##+##..#..####.#§§#)|▓))..(.[.▓▓.
#...##.####..+§##§#=)▓..[..(.(▓▓.
..#).#....#..#§§8####▓.[.(..)[▓▓.
#...####..#####§@##.#▓...[[.)(▓▓.
##+###.##..#..+§§#..#▓)....(.[▓▓.
##.##.#.#..#..#..#..#▓(.(.).[(▓▓.
+.<.+###+..####.^##)#▓........▓▓÷
##.##.#.#....###...##▓▓▓▓▓▓▓+▓▓▓▓
##+###.##......≈≈≈≈≈≈≈≈≈≈≈≈≈...≈≈
#†#†####≈≈.....≈#+########+###.≈≈
..#..#≈≈≈≈≈≈≈..≈#....._._#≈§§##≈≈
#.#.##≈≈§≈≈≈≈≈§§#...._._.#≈§§§###


You could see a crystal guardian.

Vanquished Creatures
  A hellephant (D)
  A deep elf master archer (D)
  A deep elf blademaster (D)
  A kraken (D)
  2 sphinxes (D)
  A draconian shifter (D)
  A great orb of eyes (D)
  Sonja (D)
  2 deep trolls (D)
  2 death drakes (D)
  2 unseen horrors (D)
  A glowing orange brain (D)
  A harpy (D)
  A merfolk siren (D)
  An eye of devastation (D)
  A yaktaur (D)
  3 polar bears (D)
  2 tyrant leeches (D)
  A hornet (D)
  A blink frog (D)
  3 slime creatures (D)
  2 hippogriffs (D)
  5 flying skulls (D)
  2 swamp drakes (D)
  4 crocodiles (D)
  4 worker ants (D)
47 creatures vanquished.

Vanquished Creatures (others)
  A flying skull (D)
  Menkaure (D)
  A crocodile (D)
  32 tentacles (D)
35 creatures vanquished.

Grand Total: 82 creatures vanquished

Notes
Turn   | Place    | Note
-------+----------+-------------------------------------------
     0 | D        | Kidiri the Spriggan Enchanter began the quest for the Orb.
     0 | D        | Reached XP level 1. HP: 9/9 MP: 5/5
     1 | D        | Noticed a merfolk siren
     4 | D        | Noticed a worker ant
     4 | D        | Noticed a worker ant
     7 | D        | Noticed a tyrant leech
     7 | D        | Noticed a tyrant leech
    10 | D        | Noticed a hippogriff
    10 | D        | Noticed a hippogriff
    16 | D        | Noticed a worker ant
    16 | D        | Noticed a worker ant
    18 | D        | Killed a worker ant
    18 | D        | Reached skill level 1 in Fighting
    18 | D        | Reached skill level 5 in Stealth
    18 | D        | Reached XP level 2. HP: 14/14 MP: 5/7
    23 | D        | Reached skill level 1 in Armour
    23 | D        | Reached skill level 5 in Dodging
    23 | D        | Reached skill level 6 in Stealth
    23 | D        | Reached XP level 3. HP: 16/18 MP: 5/9
    28 | D        | Reached XP level 4. HP: 20/22 MP: 5/11
    34 | D        | Killed a crocodile
    35 | D        | Learned a level 2 spell: Ensorcelled Hibernation
    35 | D        | Killed Menkaure
    39 | D        | Learned a level 3 spell: Confuse
    43 | D        | Learned a level 3 spell: Tukima's Dance
    47 | D        | Learned a level 3 spell: Dazzling Spray
    49 | D        | Reached skill level 7 in Stealth
    49 | D        | Reached skill level 5 in Spellcasting
   136 | D        | Killed a merfolk siren
   136 | D        | Reached skill level 10 in Stealth
   136 | D        | Reached XP level 5. HP: 28/28 MP: 8/16
   136 | D        | Reached XP level 6. HP: 32/32 MP: 8/17
   198 | D        | Noticed Roxanne
   201 | D        | Found Uzusim's Distillery.
   201 | D        | Found Pooheir's Antique Armour Emporium.
   230 | D        | Killed a tyrant leech
   230 | D        | Reached skill level 10 in Dodging
   230 | D        | Reached skill level 11 in Stealth
   230 | D        | Reached XP level 7. HP: 37/37 MP: 15/20
   232 | D        | Killed a tyrant leech
   232 | D        | Reached skill level 12 in Stealth
   285 | D        | Killed a hippogriff
   285 | D        | Reached XP level 8. HP: 42/42 MP: 14/22
   286 | D        | Killed a hippogriff
   345 | D        | Noticed an orange crystal statue
   351 | D        | Found Qoip's Weapon Shoppe.
   352 | D        | Found Veisch's Book Emporium.
   353 | D        | Found Nuf Gosh's Food Shoppe.
   354 | D        | Noticed a blink frog
   356 | D        | Killed a blink frog
   356 | D        | Reached skill level 10 in Spellcasting
   359 | D        | Found Wiypsuimid's Antique Weapon Shoppe.
   359 | D        | Found Cumig's Jewellery Emporium.
   361 | D        | Found Viuskas's Food Shoppe.
   361 | D        | Found Ytwaofel's Antique Armour Emporium.
   362 | D        | Found Nopamp's Assorted Antiques.
   362 | D        | Found Bemen's Jewellery Emporium.
   363 | D        | Noticed a fire dragon
   366 | D        | Found Cycweih's Gadget Shoppe.
   366 | D        | Found Xuhupeos's Magic Scroll Emporium.
   366 | D        | Noticed an oklob plant
   367 | D        | Found Goonaame's Food Shoppe.
   367 | D        | Found Weiraqam's Distillery.
   367 | D        | Found Iniseh's Book Shoppe.
   369 | D        | Noticed an ice dragon
   375 | D        | Noticed a polar bear
   377 | D        | Noticed a polar bear
   402 | D        | Bought the Compendium of Arcane Weapons for 669 gold pieces
   439 | D        | Found a roughly hewn altar of Beogh.
   448 | D        | Found a snail-covered altar of Cheibriados.
   449 | D        | Found a shadowy altar of Dithmenos.
   449 | D        | Found a viscous altar of Jiyva.
   450 | D        | Found a white marble altar of Elyvilon.
   450 | D        | Found an ancient bone altar of Kikubaaqudgha.
   451 | D        | Found a blossoming altar of Fedhas.
   451 | D        | Found a corrupted altar of Lugonu.
   451 | D        | Found a deep blue altar of Sif Muna.
   452 | D        | Found an opulent altar of Gozag.
   452 | D        | Found a burning altar of Makhleb.
   452 | D        | Found a bloodstained altar of Trog.
   453 | D        | Found a sparkling altar of Nemelex Xobeh.
   453 | D        | Found a hide-covered altar of Uskayaw.
   454 | D        | Found a basalt altar of Yredelemnul.
   455 | D        | Found an iron altar of Okawaru.
   455 | D        | Found a radiant altar of Vehumet.
   455 | D        | Found a glowing silver altar of Zin.
   455 | D        | Found a hazy altar of Hepliaklqana.
   455 | D        | Found a sacrificial altar of Ru.
   455 | D        | Found a shimmering altar of Xom.
   455 | D        | Noticed a hornet
   455 | D        | Noticed a polar bear
   456 | D        | Found a stormy altar of Qazlal.
   456 | D        | Found an ornate altar of the Wu Jian Council.
   456 | D        | Found a glowing golden altar of the Shining One.
   456 | D        | Noticed a yaktaur
   460 | D        | Became a worshipper of Dithmenos the Shadowed
   550 | D        | Noticed a polar bear
   550 | D        | Noticed a polar bear
   567 | D        | Killed a polar bear
   567 | D        | Reached skill level 13 in Stealth
   575 | D        | Killed a polar bear
   575 | D        | Reached skill level 1 in Conjurations
   579 | D        | Killed a hornet
   579 | D        | Reached * piety under Dithmenos
   586 | D        | Killed a polar bear
   586 | D        | Reached XP level 9. HP: 20/46 MP: 20/24
   589 | D        | Killed a yaktaur
   768 | D        | Noticed a kraken
   778 | D        | Reached ** piety under Dithmenos
   778 | D        | Reached skill level 5 in Fighting
   823 | D        | Reached skill level 14 in Stealth
   921 | D        | Noticed an ice statue
   943 | D        | Noticed a deep troll
   944 | D        | Noticed a deep troll
   946 | D        | Killed a deep troll
   946 | D        | Reached skill level 10 in Short Blades
   948 | D        | Killed a deep troll
   948 | D        | Reached *** piety under Dithmenos
   948 | D        | Reached skill level 5 in Armour
  1650 | D        | Killed a kraken
  1650 | D        | Reached skill level 15 in Stealth
  1650 | D        | Reached XP level 10. HP: 53/53 MP: 4/27
  1792 | D        | Noticed a sphinx
  1792 | D        | Noticed a sphinx
  1794 | D        | Killed a sphinx
  1794 | D        | Reached skill level 16 in Stealth
  1794 | D        | Reached skill level 5 in Conjurations
  1795 | D        | Killed a sphinx
  1795 | D        | Reached skill level 15 in Dodging
  1795 | D        | Reached skill level 10 in Hexes
  1795 | D        | Reached XP level 11. HP: 53/58 MP: 23/29
  1893 | D        | Bought a runed rapier for 126 gold pieces
  1896 | D        | Bought a scroll of enchant weapon for 105 gold pieces
  1896 | D        | Bought a scroll of blinking for 105 gold pieces
  1896 | D        | Bought a scroll of remove curse for 42 gold pieces
  1896 | D        | Bought a scroll of blinking for 105 gold pieces
  1896 | D        | Bought a scroll of identify for 28 gold pieces
  1896 | D        | Bought a scroll of magic mapping for 49 gold pieces
  1896 | D        | Bought a scroll of remove curse for 42 gold pieces
  1896 | D        | Bought a scroll of remove curse for 42 gold pieces
  1896 | D        | Bought a scroll of enchant weapon for 105 gold pieces
  1961 | D        | Noticed a death drake
  1963 | D        | Noticed a death drake
  1983 | D        | Killed a death drake
  1983 | D        | Reached **** piety under Dithmenos
  1991 | D        | Killed a death drake
  1991 | D        | Reached skill level 17 in Stealth
  2120 | D        | Noticed a crystal guardian
  2124 | D        | Noticed an unseen horror
  2124 | D        | Noticed an unseen horror
  2126 | D        | Killed an unseen horror
  2128 | D        | Killed an unseen horror
  2141 | D        | Noticed a deep elf master archer
  2144 | D        | Noticed a great orb of eyes
  2147 | D        | Killed a great orb of eyes
  2147 | D        | Reached ***** piety under Dithmenos
  2222 | D        | Killed a deep elf master archer
  2222 | D        | Reached skill level 18 in Stealth
  2325 | D        | Noticed a glowing orange brain
  2325 | D        | Noticed Sonja
  2325 | D        | Noticed a yellow draconian shifter
  2326 | D        | Noticed a hellephant
  2327 | D        | Killed a yellow draconian shifter
  2328 | D        | Killed a hellephant
  2328 | D        | Reached XP level 12. HP: 63/63 MP: 31/31
  2330 | D        | Killed Sonja
  2330 | D        | Reached skill level 15 in Spellcasting
  2337 | D        | Reached skill level 19 in Stealth
  2423 | D        | Noticed a deep elf blademaster
  2426 | D        | Killed a deep elf blademaster
  2711 | D        | Learned a level 7 spell: Orb of Destruction
  2965 | D        | Noticed an electric golem
  2977 | D        | Killed from afar by a crystal guardian

Vault maps used:
D:        the_violet_keep_of_menkaure

Skill      XL: |  1  2  3  4  5  6  7  8  9 10 11 12 |
---------------+-------------------------------------+-----
Fighting       | 1 3 4 5 6 7 |  7.9
Short Blades   | 2 3 6 7 8 9 11 12 13 14 | 14.3
Dodging        | 4 5 9 10 11 12 14 15 17 18 | 18.0
Stealth        | 5 6 10 11 12 13 15 16 18 19 | 19.6
Spellcasting   | 3 4 7 8 9 10 12 13 14 15 | 15.6
Hexes          | 4 6 7 8 9 10 11 | 11.7
Armour         | 1 3 4 5 6 7 |  7.3
Conjurations   | 1 4 6 7 8 |  8.6

Action                   |  1- 3 |  4- 6 |  7- 9 | 10-12 || total
-------------------------+-------+-------+-------+-------++-------
Melee: Dagger            |     8 |     4 |    54 |    46 ||   112
 Cast: Ensorcelled Hiber |       |     4 |    23 |     2 ||    29
       Dazzling Spray    |       |     1 |    23 |    11 ||    35
       Confuse           |       |       |    12 |    18 ||    30
       Orb of Destructio |       |       |       |     1 ||     1
Invok: Shadow Step       |       |       |       |     9 ||     9
 Abil: Evoke Flight      |       |       |       |     2 ||     2
       Evoke Berserk Rag |       |       |       |     1 ||     1
  Use: Potion            |     1 |       |     2 |     2 ||     5
       Scroll            |       |       |    11 |     4 ||    15
 Stab: Sleeping          |     1 |     4 |    10 |    13 ||    28
       Confused          |       |       |     5 |     8 ||    13
       Invisible         |       |       |     2 |     2 ||     4
       Distracted        |       |       |       |     1 ||     1
  Eat: Ration            |       |       |       |     1 ||     1
Armor: Robe              |     3 |       |     2 |       ||     5
Dodge: Dodged            |     4 |     1 |    65 |    19 ||    89

Table legend:
 A = Spawn XP
 B = Non-spawn XP
 C = Spawn XP percentage of total XP
 D = Spawn monster count
 E = Non-spawn monster count
 F = Spawn count percentage of total count
 G = Total turns spent on level
                    A         B        C        D         E        F      G
               +---------+---------+-------+---------+---------+-------+---------
         Total |       0 |   30043 |   0.0 |       0 |      47 |   0.0 |  2977
               +---------+---------+-------+---------+---------+-------+---------
             D |       0 |   30043 |   0.0 |       0 |      47 |   0.0 |  2977
               +---------+---------+-------+---------+---------+-------+---------
